Cogmind - Beta 13 @@@ ROGUE MODE // 2024.06.02 @ 09:38:51 Player: Bace Troncons Result: Destroyed by Y-45 Defender with Heavy Assault Rifle Performance ------------- Evolutions (0) 0 Regions Visited (3) 600 Robots Destroyed (28) 140 Value Destroyed (840) 840 Prototype IDs (15) 300 Alien Tech Used (0) 0 Bonus (0) 0 TOTAL SCORE: 1880 Bonus ------- None Cogmind --------- Core Integrity 0/250 Matter 300/300 Energy 94/100 System Corruption 0% Temperature Cool (9) Movement Treading (160) Location -8/Recycling Parts ------- > --- POWER (1) -------- (None) > --- PROPULSION (2) --- Treaded Spiked Exoskeleton > --- UTILITY (2) ------ Armored Scrap Engine > --- WEAPON (2) ------- Ripper Makeshift Spear > --- INVENTORY (5) ---- Sensor Array Terrain Scanner Hacking Suite Rainbow Chip Multitool Peak State ------------ > --- POWER ------------ Subdweller Power Source > --- PROPULSION ------- Treaded Spiked Exoskeleton > --- UTILITY ---------- Armored Scrap Engine > --- WEAPON ----------- Ripper Makeshift Spear > --- INVENTORY -------- Sensor Array Terrain Scanner Hacking Suite Rainbow Chip Multitool [Rating: 34] Favorites ----------- Power Light Nuclear Core Engine Subdweller Power Source Power Core Light Nuclear Core Propulsion Spiked Treads Treads Spiked Treads Wheel Wheel Utility Light Armor Plating Device Armored Scrap Engine Storage Medium Storage Unit Protection Light Armor Plating Weapon Battle Cannon Ballistic Gun Light Assault Rifle Ballistic Cannon Battle Cannon Launcher Subdweller Shrapnel Launcher Slashing Weapon Ripper Piercing Weapon Makeshift Spear Build | -11 -10 -10 -8 ------- Run | Yrd Mat Sub Rec Slots Evolved . | . . . . Power . | . . . . Propulsion . | . . . . Utility . | . . . . Weapon . | . . . . Parts Attached 31 | 6 12 12 1 Power 4 | 1 2 1 . Engine 3 | 1 1 1 . Core 1 | . 1 . . Reactor . | . . . . Propulsion 8 | 2 2 4 . Treads 5 | 2 . 3 . Leg . | . . . . Wheel 3 | . 2 1 . Hover . | . . . . Flight . | . . . . Utility 5 | 1 2 1 1 Device 1 | . . . 1 Storage 2 | 1 1 . . Processor . | . . . . Hackware . | . . . . Protection 2 | . 1 1 . Artifact . | . . . . Weapon 14 | 2 6 6 . Energy Gun . | . . . . Energy Cannon . | . . . . Ballistic Gun 9 | 2 5 2 . Ballistic Cannon 2 | . 1 1 . Launcher 1 | . . 1 . Special Weapon . | . . . . Impact Weapon . | . . . . Slashing Weapon 1 | . . 1 . Piercing Weapon 1 | . . 1 . Special Melee Weapon . | . . . . Unidentified Prototypes . | . . . . Parts Lost 8 | . 5 3 . Power 3 | . 2 1 . Propulsion 3 | . 2 1 . Utility . | . . . . Weapon 2 | . 1 1 . Highest Loss Streak 4 | . 4 1 . To Critical Strikes . | . . . . Average Slot Usage (%) 88 | . 85 91 66 Engine 2 | . 5 1 11 Core 10 | . 7 12 . Treads 18 | . 11 20 12 Wheel 7 | . 11 7 . Storage 8 | . 14 6 . Protection 11 | . 5 13 . Ballistic Gun 11 | . 22 9 . Ballistic Cannon 7 | . 5 8 . Slashing Weapon 3 | . . 4 14 Piercing Weapon 3 | . . 4 14 Naked Turns . | . . . . Heaviest Build 33 | 10 22 33 28 Greatest Support 40 | 40 40 40 40 Greatest Overweight (x) 4 | 1 4 1 3 Average Overweight (x) . | . . . . Largest Inventory Capacity 10 | 8 10 10 5 Average Capacity 7 | 7 8 7 5 Most Carried 10 | 3 9 10 5 Average Carried 6 | 2 6 7 5 Final Capacity 10 | 8 10 5 5 Final Carried 9 | 3 9 5 5 Scrap Engine Consumption 28 | . . . 28 Constructs Created 1 | . . . 1 Constructs Modified 1 | . . . 1 Class Distribution -------------------- 59% | Mutant 36% | Derelict-Mutant 3% | Construct Dominant Class ---------------- Mutant | -10/Materials Derelict-Mutant | -10/Subcaves Construct | -8/Recycling Resources | -11 -10 -10 -8 ----------- Run | Yrd Mat Sub Rec Matter Collected 1014 | 258 390 346 20 Remotely . | . . . . Salvage Created 931 | . 535 291 105 Parts 60 | . 33 18 9 Haulers Intercepted . | . . . . Recyclers Shooed 1 | . 1 . . Parts Field Recycled . | . . . . Retrieved Matter . | . . . . Parts Self-Destructed 6 | . . 6 . Prevented . | . . . . Kills | -11 -10 -10 -8 ------- Run | Yrd Mat Sub Rec Combat Hostiles Destroyed 21 | . 10 9 2 Melee 5 | . . 3 2 Guns 14 | . 10 4 . Cannons 2 | . . 2 . Classes Destroyed 8 | . 6 1 1 Worker 2 | . 2 . . Recycler 1 | . 1 . . Operator 1 | . 1 . . Watcher 3 | . 3 . . Swarmer 2 | . 2 . . Grunt 8 | . 8 . . Sentry 2 | . . . 2 Subdweller 9 | . . 9 . Best Kill Streak 5 | . 5 2 1 Combat Bots Only 2 | . 2 2 1 Max Kills in Single Turn 2 | . 2 1 1 Gunslinging . | . . . . Exploded . | . . . . Melee 1 | . . 1 1 Uniques/NPCs Destroyed . | . . . . Combat | -11 -10 -10 -8 -------- Run | Yrd Mat Sub Rec Hostile Shots Fired 158 | . 93 61 4 Missed 31 | . 15 15 1 Damage Taken 2140 | . 923 1172 45 Core 255 | . 92 149 14 Absorbed by Shields . | . . . . Core Remaining (%) 100 | 100 . . . Volleys Fired 109 | . 72 37 . Largest 2 | . 2 2 . Hottest 69 | . 40 69 . Shots Fired 206 | . 143 63 . Gun 180 | . 143 37 . Cannon 26 | . . 26 . Launcher . | . . . . Special . | . . . . Kinetic 206 | . 143 63 . Thermal . | . . . . Explosive . | . . . . Electromagnetic . | . . . . Robot Hit Streak 18 | . 14 18 . Robot Miss Streak 6 | . 6 2 . Penetration Max . | . . . . Secondary Targets 1 | . 1 . . Max Gunslinging Chain 1 | . 1 . . Shots Hit Robots 150 | . 93 50 7 Core Hits 50 | . 32 16 2 Critical Kills . | . . . . Critical Parts Destroyed . | . . . . Critical Strikes 3 | . . 2 1 Destroy 1 | . . 1 . Blast 1 | . . 1 . Sever 1 | . . . 1 Melee Attacks 25 | . . 17 8 Impact . | . . . . Slashing 19 | . . 13 6 Piercing 6 | . . 4 2 Sneak Attacks 5 | . . . 5 Combat Hostiles 4 | . . . 4 Follow-up Attacks 4 | . . 3 1 Damage Inflicted 2443 | . 1085 913 445 Guns 1436 | . 1085 351 . Cannons 318 | . . 318 . Explosions . | . . . . Melee 689 | . . 244 445 Ramming . | . . . . Kinetic 1754 | . 1085 669 . Thermal . | . . . . Explosive . | . . . . Electromagnetic . | . . . . Impact . | . . . . Slashing 564 | . . 181 383 Piercing 125 | . . 63 62 Highest Corruption . | . . . . Average Corruption . | . . . . Corruption Purged . | . . . . Corruption Blocked . | . . . . Overload Shots . | . . . . Overflow Damage 36 | . . . 36 Projectiles . | . . . . Explosions . | . . . . Melee 36 | . . . 36 Knockbacks 3 | . . 3 . Impact . | . . . . Kinetic 3 | . . 3 . Secondary . | . . . . Self-Inflicted Damage . | . . . . Shots . | . . . . Rammed . | . . . . Targets Rammed . | . . . . Kicked . | . . . . Crushed . | . . . . Highest Temperature 27 | . 27 3 . Average Temperature 9 | . 9 3 . Received Heat Transfer 612 | . 501 102 9 Siege Activations . | . . . . Robots Corrupted . | . . . . Combat Hostiles . | . . . . Parts Fried . | . . . . Impact Corruptions . | . . . . Robots Melted . | . . . . Combat Hostiles . | . . . . Parts Melted . | . . . . Heat Transferred . | . . . . Parts Sabotaged . | . . . . Parts Stolen . | . . . . Parts Stripped . | . . . . Power Chain Reactions . | . . . . Alert | -11 -10 -10 -8 ------- Run | Yrd Mat Sub Rec Peak Influence 179 | . 179 . 152 Initial 93 | . . . 93 Average 48 | . 31 . 122 Maximum Alert Level . | . . . . Low Security (%) 100 | 100 100 . 100 Level 1 . | . . . . Level 2 . | . . . . Level 3 . | . . . . Level 4 . | . . . . Level 5 . | . . . . High Security . | . . . . Max Security . | . . . . Squads Dispatched 3 | . 3 . . Investigation 1 | . 1 . . Extermination . | . . . . Reinforcement 2 | . 2 . . Assault . | . . . . Garrison . | . . . . Intercept . | . . . . Searches Triggered . | . . . . Construction Impeded . | . . . . Haulers Reinforced . | . . . . Active Scanning Responses . | . . . . Cargo Convoy Interrupts . | . . . . Stealth | -11 -10 -10 -8 --------- Run | Yrd Mat Sub Rec Distress Signals 1 | . 1 . . Communications Jammed . | . . . . Distress Signals . | . . . . Times Spotted 38 | . 19 17 2 Peak Tracking Total 5 | . 5 5 . Tactical Retreats 3 | . 2 1 . Traps | -11 -10 -10 -8 ------- Run | Yrd Mat Sub Rec Traps Triggered 6 | . 2 4 . Indirectly . | . . . . Trap Hack Attempts . | . . . . Triggered . | . . . . Disarmed . | . . . . Reprogrammed . | . . . . Reused . | . . . . Traps Extracted . | . . . . Installed . | . . . . Triggered . | . . . . Machines | -11 -10 -10 -8 ---------- Run | Yrd Mat Sub Rec Machines Disabled 1 | . . 1 . Max in Single Turn 1 | . . 1 . Machines Repaired . | . . . . Machines Dismantled . | . . . . Machines Sabotaged . | . . . . Overloaded Fab Kills . | . . . . Hacking | -11 -10 -10 -8 --------- Run | Yrd Mat Sub Rec Machines Accessed 8 | . 5 1 2 Terminals 6 | . 4 . 2 Fabricators . | . . . . Repair Stations . | . . . . Recycling Units 1 | . 1 . . Scanalyzers . | . . . . Garrison Access . | . . . . Total Hacks 19 | . 14 1 4 Successful 10 | . 6 1 3 Failed 9 | . 8 . 1 Catastrophic . | . . . . Database Lockouts . | . . . . Manual 3 | . . . 3 Terminals 16 | . 12 . 4 Fabricators . | . . . . Repair Stations . | . . . . Recycling Units 2 | . 2 . . Scanalyzers . | . . . . Garrison Access . | . . . . Terminal Hacks 8 | . 6 1 1 Prototype ID Bank 2 | . 2 . . Unreport Threat 1 | . 1 . . Hauler Manifests 1 | . 1 . . Registered Components 1 | . . . 1 Zone Layout 2 | . 2 . . Derelict Proto ID Bank 1 | . . 1 . Fabricator Hacks . | . . . . Repair Station Hacks . | . . . . Recycling Unit Hacks . | . . . . Scanalyzer . | . . . . Garrison Access Hacks . | . . . . Unauthorized Hacks 2 | . . . 2 Terminals 2 | . . . 2 Botnet 2 | . . . 2 Fabricators . | . . . . Repair Stations . | . . . . Recycling Units . | . . . . Scanalyzers . | . . . . Garrison Access . | . . . . Data Cores Recovered . | . . . . Used . | . . . . Hacking Detections 6 | . 5 . 1 Full Trace Events 1 | . 1 . . Feedback Events . | . . . . Feedback Blocked . | . . . . Robot Schematics Acquired . | . . . . Robots Built . | . . . . Authchips . | . . . . Time . | . . . . Total Robot Build Rating . | . . . . Part Schematics Acquired . | . . . . Parts Built . | . . . . Authchips . | . . . . Time . | . . . . Total Part Build Rating . | . . . . Parts Repaired . | . . . . Time . | . . . . Parts Recycled . | . . . . Recycled Matter . | . . . . Retrieved Matter . | . . . . Retrieved Components . | . . . . Parts Scanalyzed . | . . . . Part Schematics Acquired . | . . . . Parts Damaged . | . . . . Bothacking | -11 -10 -10 -8 ------------ Run | Yrd Mat Sub Rec Used RIF Installer . | . . . . Robots Hacked . | . . . . Non-combat . | . . . . Combat . | . . . . Robot Hacks Applied . | . . . . Relay Couplers Released . | . . . . Fabnet Peak Effective % . | . . . . Robots Rewired . | . . . . Allies Hacked . | . . . . Hacks Repelled . | . . . . Allies | -11 -10 -10 -8 -------- Run | Yrd Mat Sub Rec Total Allies . | . . . . Largest Group . | . . . . Highest-Rated Group . | . . . . Highest-Rated Ally . | . . . . Total Orders . | . . . . Ally Attacks . | . . . . Total Damage . | . . . . Kills . | . . . . Allies Corrupted . | . . . . Allies Melted . | . . . . Intel | -11 -10 -10 -8 ------- Run | Yrd Mat Sub Rec Robot Analysis Total . | . . . . Derelict Logs Recovered 2 | . . 2 . Drone Launches . | . . . . Drone Recoveries . | . . . . Exploration | -11 -10 -10 -8 ------------- Run | Yrd Mat Sub Rec Turns Passed 6734 | 76 1558 4706 394 Spaces Moved 2862 | 43 607 1998 214 Core 125 | 5 81 . 39 Treads 2478 | 38 281 1984 175 Legs . | . . . . Wheels 259 | . 245 14 . Hover . | . . . . Flight . | . . . . Fastest Speed 50 | 50 80 95 160 Average Speed 186 | 150 142 202 167 Slowest Speed 260 | 160 250 260 200 Overloaded Moves . | . . . . Propulsion Burnouts . | . . . . Robots Hopped . | . . . . Cave-ins Triggered . | . . . . Exploration Rate (%) 58 | 4 94 85 49 Regions Visited 3 Branch Regions 2 Pre-discovered Areas 2 | . . 2 . Known Exits Taken . | . . . . Unknown Exits Taken 3 | 1 1 1 . Scrap Searched 13 | . . 13 . Spaces Dug 4 | . . 4 . Terrain Destroyed 5 | . . 5 . Melee 4 | . . 4 . Projectile 1 | . . 1 . AOE . | . . . . Terrain Rammed . | . . . . Walls Destroyed . | . . . . Machines Disabled . | . . . . Actions | -11 -10 -10 -8 --------- Run | Yrd Mat Sub Rec Total 4037 | 51 1171 2571 244 Wait 956 | . 456 481 19 Move 2859 | 42 606 1997 214 Hop . | . . . . Pick Up 22 | 3 13 6 . Fast Attach 20 | 6 5 8 1 Attach 2 | . 2 . . Detach 2 | . 1 1 . Swap 9 | . 5 4 . Drop 29 | . 11 14 4 Fire 109 | . 72 37 . Melee 19 | . . 13 6 Ram . | . . . . Kick . | . . . . Crush . | . . . . Escape Stasis . | . . . . Rewire . | . . . . Trap . | . . . . Miscellaneous 10 | . . 10 . Route ------- -11/Scrapyard -10/Materials (discovered 4 exits: [*Mat x3] / *Sub) -10/Subcaves (discovered 3 exits: [*Mat x2] / *Rec) -8/Recycling History --------- Turn | Location | Event 17 | -11/Scrapyard | Discovered new exit (range 16) 77 | -11/Scrapyard | Entered Materials 142 | -10/Materials | Discovered new exit (range 17) 311 | -10/Materials | Build established: Mutant 778 | -10/Materials | Lost 4 parts (1p2n1w) 1022 | -10/Materials | Discovered new exit (range 16) 1148 | -10/Materials | Discovered new exit (range 3) 1608 | -10/Materials | Discovered new exit (range 7) 1635 | -10/Materials | Entered Subcaves 1637 | -10/Subcaves | Shifting Twisted Machinery released Battle Cannon 1641 | -10/Subcaves | Shifting Twisted Machinery released Spk. Treads 1680 | -10/Subcaves | Shifting Twisted Machinery released Piercing Trap 1775 | -10/Subcaves | Shifting Twisted Machinery released Multitool 2081 | -10/Subcaves | Core integrity fell below 50% 3017 | -10/Subcaves | Learned location of Storage (-8) 3066 | -10/Subcaves | Discovered new exit (range 6) 3513 | -10/Subcaves | Visited 4L-MR0's lab 3539 | -10/Subcaves | Found Rainbow Chip 3949 | -10/Subcaves | Disturbed a concealed Subdweller 3998 | -10/Subcaves | Core integrity fell below 20% 4223 | -10/Subcaves | Build established: Derelict-Mutant 4971 | -10/Subcaves | Learned location of 1 exit from Materials 5226 | -10/Subcaves | Discovered new exit (range 5) 5448 | -10/Subcaves | Learned location of Zion (-6) 5448 | -10/Subcaves | Met a Zionite searching for "candidates" 6337 | -10/Subcaves | Discovered new exit (range 3) 6341 | -10/Subcaves | Entered Recycling 6342 | -8/Recycling | Joined Warlord attack on 0b10 via Recycling 6348 | -8/Recycling | Found Scrap Engine 6735 | -8/Recycling | Destroyed by Y-45 Defender with Heavy Assault Rifle Last Messages --------------- 06650_ Sneak attack on Y-45 Defender. 06651_ Y-45 Defender springs to life. 06652_ Y-45 Defender destroyed. 06656_ Arm. Scrap Engine consumes Lgt. Treads. 06657_ Arm. Scrap Engine consumes Hvy. Assault Rifle. 06660_ R-06 Scavenger collects Heat Sink. 06663_ Dropped Sub. Power Source. 06664_ Arm. Scrap Engine consumes Sub. Power Source. 06671_ Arm. Scrap Engine consumes Lgt. Treads. 06697_ Arm. Scrap Engine consumes Hvy. EM Pulse Gun. 06734_ Sneak attack on Y-45 Defender. 06734_ Y-45 Defender Lgt. Treads severed. 06734_ Sneak attack on Y-45 Defender. 06734_ Mak. Spear follow-up attack on Y-45 Defender. 06735_ Y-45 Defender springs to life. Map ----- +----------------------------------------------------+ | ?????????????????????????????????????????????????? | | ??###############????????????????????????????????? | | ??# ! #????????????????????????????????? | | ??# ! #????????????????????????????????? | | ??# #????????????????????????????????? | | ??# ! #????????????????????????????????? | | ??# !! #????????????????????????????????? | | ??# ! #????????????????????????????????? | | ??#! ! !#????????????????????????????????? | | ??# ! #????????????????????????????????? | | ??# ! ! !#????????????????????????????????? | | ??# ! #????????????????????????????????? | | ??#######+#######????????????????????????????????? | | ???????# ##?###########?????????????????????? | | ?????### %#?# #??????#??????????????? | | ?????#== ##?# %[ +????? ##?????????????? | | ?????#= #### #????? ""?????????????? | | ?????#= ## #???? Y"?????????????? | | ######## ## / #??? ""?????????????? | | # ## % ! #?? #??????????????? | | # ###? =* ?? #??????????????? | | # #????? * *??? #??????????????? | | # ########+##### #///##?????????? | | # ????????? | | + ????????? | | % # @r ????????? | | # ################Y######## ###???????????? | | % %# #??????????????###??????????????????????? | | # #???????????????????????????????????????? | | # #???????????????????????????????????????? | | # #???????????????????????????????????????? | | ######## #???????????????????????????????????????? | | ???????# #???????????????????????????????????????? | | ???????# #???????????????????????????????????????? | | ???????# #???????????????????????????????????????? | | ???#####+##??????????????????????????????????????? | | #??# #??????????????????????????????????????? | | #??# #??????????????????????????????????????? | | #### " #??????????????????????????????????????? | | ##"" "" #??????????????????????????????????????? | | ##"" "" #??????????????????????????????????????? | | ##"T """ #??????????????????????????????????????? | | ##"" "" #??????????????????????????????????????? | | ##"" """ #??????????????????????????????????????? | | #### """ #??????????????????????????????????????? | | #??# """ #??????????????????????????????????????? | | #??# " #??????????????????????????????????????? | | ???# +?#????????????????????????????????????? | | ???# # #????????????????????????????????????? | | #######+### #????????????????????????????????????? | +----------------------------------------------------+ Best States ------------- Heat Dissipation 25 Energy Generation 15 Energy Capacity 200 Matter Stores 300 Matter Capacity 300 Sight Range 16 Terrain Scan Density 10 Armor Coverage 800 Evasion (%) 44 Recoil Reduction 2 Item Schematics ----------------- None Robot Schematics ------------------ None Fabricated ------------ Nothing Alien Tech Used ----------------- None Achievements -------------- None Challenges ------------ None Game ------ Seed VisualBackupCompactor Manual? 0 Play Time 00:27:41 Cumulative 100.7 hours Start 2024.06.02 @ 09:12:59 End 2024.06.02 @ 09:38:51 Sessions 1 Manual Loads 0 Difficulty Rogue Special Mode None Game No. 172 Rogue 172 Adventurer 0 Explorer 0 Win Type - Total 1 Types 1/0/0/0/0/0/0/0/0 Lore% 42 Gallery% 48 Achievement% 34 Wizard Run 0 Options --------- Layout 1 ASCII 0 Keyboard 1 Movement Numpad Keybinds 0 Fullscreen 1 Font 24/Smallcaps Map View 50x35 Zoom Use 0% Tactical HUD 1 Map Filters NONE Filters NONE Steam 1 RUN: a47ac93b-80f0-45a1-af42-a5ec206139e1